 Dungeon Crawl Stone Soup version 0.29-a0-341-g24ffce5b50 (webtiles) character file.

Game seed: 550103836309361721

21 spaghetti the Sneak (level 2, 0/27 (30) HPs)
             Began as a Naga Delver on Apr 20, 2022.
             Slain by a necrophage (7 damage)
             ... on level 5 of the Dungeon.
             The game lasted 00:00:52 (366 turns).

spaghetti the Sneak (Naga Delver)                    Turns: 366, Time: 00:00:53

HP:   0/27 (30)     AC:  2    Str: 14    XL:     2   Next: 83%
MP:   2/2           EV:  9    Int: 10    God:
Gold: 0             SH:  0    Dex: 12    Spells: 1/1 levels left

rFire   . . .      SeeInvis +   h - +0 lajatang {staff}
rCold   . . .      Faith    .   (shield currently unavailable)
rNeg    . . .      Spirit   .   b - +0 leather armour
rPois   +          Reflect  .   (no helmet)
rElec   .          Harm     .   (no cloak)
rCorr   .          Rampage  .   (no gloves)
Will    .....                   (no barding)
Stlth   +++.......              (no amulet)
HPRegen 0.09/turn               (no ring)
MPRegen 0.08/turn               (no ring)

@: heavily drained, very slow
A: AC +0, large, see invisible, deformed body, poison resistance, slowness 2,
spit poison 1, naga tail 1
a: Spit Poison


You were on level 5 of the Dungeon.
You visited 1 branch of the dungeon, and saw 3 of its levels.


Innate Abilities, Weirdness & Mutations

Your serpentine skin is tough. (AC +0)
You have supernaturally acute eyesight. (SInv)
Armour fits poorly on your strangely shaped body.
Your system is resistant to poisons. (rPois)
You cover ground very slowly.
You can spit poison.
You have a snake-like lower body.


   Skills:
 - Level 4.0 Fighting
 - Level 2.0 Maces & Flails
 + Level 0.0(1.1) Staves
 - Level 1.5 Dodging
 - Level 7.2 Stealth


You had one spell level left.
You didn't know any spells.
Your spell library was empty.

Inventory:

Hand Weapons
 a - a +0 mace {mace}
 h - a +0 lajatang (weapon) {staff}
   (You found it on level 5 of the Dungeon)
Missiles
 i - 6 stones {throwing}
Armour
 b - a +0 leather armour (worn)
Wands
 g - a wand of digging (3)
Scrolls
 c - a scroll of fog
 d - a scroll of magic mapping {!r}

Dungeon Overview and Level Annotations

Branches:
Dungeon (6/15)
 Temple: D:4-7

Altars:

###.##.........
#.###.........
#.###.........
#..##.........
##..#..........
#.....#........
##.....#........
#....#..n.......
#>...###@.......
#....##....##...
#....##..F..#
#....##..#..#
#######..#....
......... ###.
...#. . ...#


You could see a necrophage and a bullfrog.


Message History

Unknown command.
Unknown command.
Unknown command.
Aiming: Spit Poison (2% risk of failure)
Press: ? - help, Shift-Dir - straight line, f - jackal
Aim: a jackal (50% to hit)
The splash of poison hits the jackal!
The jackal is poisoned.
You kill the jackal! 😨 HP[+1]
You now have 30 max hp (+2).
You start resting.
You have got your breath back.
You hear the slow hiss of a very distant avalanche of sand.
Your extra speed is starting to run out.
You feel yourself slow down.
You hear the slow hiss of a very distant avalanche of sand.
You hear the slow hiss of a very distant avalanche of sand.
You hear the slow hiss of a very distant avalanche of sand.
You hear the slow hiss of a very distant avalanche of sand. 😎 HP[+22]
Your hp is fully restored (30).
Unknown command.
Unknown command.
Unknown command.
Found an escape hatch in the floor.
A necrophage comes into view.
A necrophage is nearby!
A necrophage is nearby!
An adder comes into view.
Found a stone staircase leading down.
You hear the hiss of a very distant avalanche of sand.
The adder hisses angrily.
There is a stone staircase leading down here.
You barely miss the adder. The adder bites you. x2 😕 HP[-5]
You take 5 damage, and now have 25/30 hp.
You closely miss the adder. The adder bites you. The adder barely misses you.
Aiming: Spit Poison (2% risk of failure)
Press: ? - help, Shift-Dir - straight line, f - adder
Aim: an adder (37% to hit)
The splash of poison misses the adder.
The adder bites you but does no damage.
You barely miss the adder. The adder barely misses you. x2
You slash the adder!
You kill the adder!
Your Fighting skill increases to level 4!
You have got your breath back.
You start resting.
You hear the hiss of a very distant avalanche of sand. 😎 HP[+5]
Your hp is fully restored (30).
There is a stone staircase leading down here.
You climb downwards.
There is a stone staircase leading up here.
Unknown command.
Unknown command.
There are monsters nearby!
You climb upwards.
You hear the hiss of flowing sand.
There is an entrance to an ossuary on this level.
Hurry and find it before the portal is buried!
There is a stone staircase leading down here.
Unknown command.
A necrophage is nearby!
Okay, then.
A bullfrog comes into view.
The necrophage hits you.
You feel drained. 😕 HP[-7]
You now have 29 max hp (-1).
You take 7 damage, and now have 23/29 hp.
MASSIVE DAMAGE!! (PAUSE)
Okay, then.
Unknown command.
You closely miss the necrophage.
The necrophage hits you but does no damage.
You barely miss the necrophage. The necrophage hits you.
You feel drained. 😮 HP[-3]
You now have 28 max hp (-1).
You take 3 damage, and now have 20/28 hp.
Unknown command.
You closely miss the necrophage.
The necrophage hits you but does no damage.
The necrophage hits you.
* * * LOW HITPOINT WARNING * * *
You feel drained.
* * * LOW HITPOINT WARNING * * *
😨 HP[-8]
You now have 27 max hp (-1).
You take 8 damage, and now have 12/27 hp.
MASSIVE DAMAGE!! (PAUSE)
You slash the necrophage!
The bullfrog gives a loud, deep croak!
The necrophage hits you.
* * * LOW HITPOINT WARNING * * *
😨 HP[-5]
You take 5 damage, and now have 7/27 hp.
You closely miss the necrophage. The necrophage closely misses you.
Unknown command.
You closely miss the necrophage. The necrophage hits you!
You die...

Skill      XL: |  1  2 |
---------------+-------+-----
Fighting       | 4 |  4.0
Maces & Flails | |  2.0
Dodging        | |  1.5
Stealth        | |  7.2

Action                   || total
-------------------------++-------
Melee: Lajatang          ||    13
 Abil: Spit Poison       ||     3
  Use: Scroll            ||     1
       Potion            ||     1
Armor: Leather armour    ||     6
Dodge: Dodged            ||    14

Levels and vault maps discovered:
D:4:      layout_basic, grunt_qazlal_clouds, uniq_edmund
D:5:      layout_rooms, minmay_temple_entry_mini_moons,
          nicolae_ossuary_entry_giza, kennysheep_generic_room_5
D:6:      layout_cave_pods, kennysheep_cluttered_room,
          chequers_hall_statues_corner_a, grunt_decor_resistance,
          kennysheep_generic_room_16, uniq_eustachio

Notes
Turn   | Place    | Note
-------+----------+-------------------------------------------
     0 | D:5      | spaghetti the Naga Delver began the quest for the Orb.
     0 | D:5      | Reached XP level 1. HP: 21/21 MP: 1/1
     0 | D:5      | magus.rc [v1.9.6]
    12 | D:4      | Noticed an iguana
    24 | D:4      | Reached XP level 2. HP: 13/28 MP: 2/2
    30 | D:4      | HP: 7/28 [jackal (2)]
   283 | D:5      | Noticed a necrophage
   304 | D:5      | Reached skill level 4 in Fighting
   351 | D:6      | Noticed a necrophage
   360 | D:5      | Noticed a bullfrog
   366 | D:5      | Slain by a necrophage

Vanquished Creatures
  2 adders
  A jackal (D:5)
  A goblin (D:4)
4 creatures vanquished.

Table legend:
 A = Non-vault XP
 B = Vault XP
 C = Vault XP percentage of total XP
 D = Non-vault monster count
 E = Vault monster count
 F = Vault count percentage of total count
                 A         B        C        D         E       F
            +---------+---------+-------+---------+---------+-------
      Total |      30 |       0 |   0.0 |       4 |       0 |   0.0
            +---------+---------+-------+---------+---------+-------
        D:4 |      14 |       0 |   0.0 |       2 |       0 |   0.0
        D:5 |      16 |       0 |   0.0 |       2 |       0 |   0.0
            +---------+---------+-------+---------+---------+-------

Illustrated notes

Table legend:
 A = Kills in this place as a percentage of kills in entire the game.
 B = Kills by you in this place as a percentage of kills by you in the entire game.
 C = Kills by friends in this place as a percentage of kills by friends in the entire game.
 D = Other kills in this place as a percentage of other kills in the entire game.
 E = Experience gained in this place as a percentage of experience gained in the entire game.
 F = Experience gained in this place divided by the number of levels of this place that you have seen.
                   A       B       C       D       E      F
               +-------+-------+-------+-------+-------+----------------------
         Total | 100.0 | 100.0 |   N/A |   N/A | 100.0 |  10.0
       Dungeon | 100.0 | 100.0 |   N/A |   N/A | 100.0 |  10.0
               +-------+-------+-------+-------+-------+----------------------

Table legend: (Time is in decaauts)
 A = Elapsed time spent in this place.
 B = Non-inter-level travel time spent in this place.
 C = Inter-level travel time spent in this place.
 D = Time resting spent in this place.
 E = Time spent auto-exploring this place.
 F = Levels seen in this place.
 G = Mean time per level.
                   A        B        C        D        E       F      G
               +--------+--------+--------+--------+--------+-----+--------+
         Total |    383 |    383 |      0 |    263 |     29 |   3 |  127.7 |
       Dungeon |    383 |    383 |      0 |    263 |     29 |   3 |  127.7 |
               +--------+--------+--------+--------+--------+-----+--------+

Top non-repeatable levels by time:
     D:5: 355 daAuts
     D:4: 26 daAuts
     D:6: 1 daAuts
